 Dungeon Crawl Stone Soup version 0.26.1-11-gd32895ea62 (webtiles) character file.

Game seed: 3290657936371962519

141 Gerhazo the Conjurer (level 5, -3/38 HPs)
             Began as a Draconian Conjurer on June 3, 2021.
             Slain by a killer bee (9 damage)
             ... on level 4 of the Dungeon.
             The game lasted 00:02:02 (1466 turns).

Gerhazo the Conjurer (Draconian Conjurer)           Turns: 1466, Time: 00:02:02

Health: -3/38      AC:  5    Str:  9    XL:     5   Next: 3%
Magic:  5/9        EV: 12    Int: 20    God:
Gold:   131        SH:  0    Dex:  9    Spells: 7/10 levels left

rFire    . . .     SeeInvis .   b - +3 short sword
rCold    . . .     Faith    .   (no shield)
rNeg     . . .     Spirit   .   (armour unavailable)
rPois    .         Reflect  .   e - +0 hat
rElec    .         Harm     .   (no cloak)
rCorr    .         Rampage  .   (no gloves)
Will     .....                  (no boots)
Stlth    ++........             f - amulet of magic regeneration
HPRegen  0.12/turn              (no ring)
MPRegen  0.36/turn              (no ring)

@: lethally poisoned (-3 -> -22)
A: unfitting armour, cold-blooded, AC +5
a: no special abilities


You were on level 4 of the Dungeon.
You visited 1 branch of the dungeon, and saw 4 of its levels.

You collected 131 gold pieces.

Inventory:

Hand Weapons
 b - a +3 short sword (weapon)
Armour
 e - a +0 hat (worn)
Jewellery
 f - an amulet of magic regeneration (around neck)
Scrolls
 a - a scroll of fear {unknown}
 c - 4 scrolls of teleportation {unknown}
 h - a scroll of identify {unknown}
 i - a scroll of enchant armour {unknown}
 j - a scroll of immolation {unknown}
 k - a scroll of blinking {unknown}
Potions
 d - a potion of might {unknown}
 g - a potion of attraction {unknown}
 l - a potion of cancellation {unknown}


   Skills:
 - Level 1.7 Dodging
 - Level 1.7 Stealth
 + Level 3.2 Spellcasting
 * Level 5.7 Conjurations


You had 7 spell levels left.
You knew the following spells:

 Your Spells              Type           Power        Failure   Level
a - Magic Dart            Conj           100%         1%          1
b - Searing Ray           Conj           52%          1%          2

Your spell library contained the following spells:

 Spells                   Type           Power        Failure   Level
 Dazzling Flash           Conj/Hex       28%          13%         3
 Fulminant Prism          Conj/Hex       7%           41%         4
 Iskenderun's Mystic Bla  Conj/Tloc      14%          41%         4


Dungeon Overview and Level Annotations

Branches:
Dungeon (4/15)
 Temple: D:4-7

Altars:

Shops:
D:4 (


Innate Abilities, Weirdness & Mutations

Your plain brown scales are hard. (AC +5)
You cannot fit into any form of body armour.
You are cold-blooded and may be slowed by cold attacks.


Message History

The killer bee is severely wounded.
You feel sick. The killer bee stings you.
You are more poisoned.
The killer bee poisons you! The killer bee stings you.
* * * LOW HITPOINT WARNING * * *
You are more poisoned.
The killer bee poisons you!
Press: ? - help, v - describe, . - travel The floor, spattered with blood.
Casting: Searing Ray (safe; 1% risk of failure)
Confirm with . or Enter, or press ? or * to list all spells.
You don't know that spell.
Unknown command.
Okay, then.
The searing ray misses the killer bee.
The searing ray hits the killer bee!
You kill the killer bee!
You finish channeling your searing ray.
* * * LOW HITPOINT WARNING * * *
You feel sick. The killer bee barely misses you. The killer bee stings you!
You die...

#######'#####.#....#########
#.....#.#....#........
#######.#.'....#........
..... #.###.∩..#........
......#..<.....#........
....S?####.#...'........
......'y##...###........
...y..#y####.# #>#######
..... #@# #.###.# ....
#.####.....##### ...
#..............#
###########..........#
#####.....# #..........#
#.........###..........#
#.........)†...........#
#........#####.(.........
#####....# ............


You could see 2 killer bees.

Vanquished Creatures
  An ogre (D:4)
  A killer bee (D:4)
  A worker ant (D:4)
  2 leopard geckos (D:1)
  A giant cockroach (D:4)
  3 goblins
  5 hobgoblins (D:1)
  4 jackals (D:1)
  6 kobolds
  A bat (D:1)
  4 frilled lizards
  3 rats (D:1)
32 creatures vanquished.

Notes
Turn   | Place    | Note
-------+----------+-------------------------------------------
     0 | D:1      | Gerhazo the Draconian Conjurer began the quest for the Orb.
     0 | D:1      | Reached XP level 1. HP: 14/14 MP: 3/3
   433 | D:1      | Reached XP level 2. HP: 20/20 MP: 1/5
   990 | D:1      | Reached XP level 3. HP: 26/26 MP: 3/6
  1129 | D:2      | Learned a level 2 spell: Searing Ray
  1321 | D:4      | Noticed an ogre
  1329 | D:4      | Killed an ogre
  1330 | D:4      | Reached skill level 5 in Conjurations
  1330 | D:4      | Reached XP level 4. HP: 33/33 MP: 1/8
  1370 | D:4      | Found Miasumm's Antique Weapon Emporium.
  1409 | D:4      | Reached XP level 5. HP: 38/38 MP: 5/9
  1466 | D:4      | Slain by a killer bee

Illustrated notes

Levels and vault maps discovered:
D:1:      mrwooster_arrival_statue_3, layout_basic
D:2:      layout_loops_ring
D:3:      layout_loops_cross, lightli_temple_of_fire,
          nicolae_overflow_hidden_temple
D:4:      layout_basic, minmay_temple_entry_ruins, serial_shops, shop

Skill      XL: |  1  2  3 |
---------------+----------+-----
Spellcasting   | 3 |  3.2
Conjurations   | 5 |  5.7
Dodging        | |  1.7
Stealth        | |  1.7

Action                   |  1- 3 |  4- 6 || total
-------------------------+-------+-------++-------
Melee: Unarmed           |    11 |       ||    11
       Short sword       |     9 |       ||     9
       Tailslap          |     2 |       ||     2
 Cast: Magic Dart        |    46 |       ||    46
       Searing Ray       |     5 |     4 ||     9
Armor: Skin              |     2 |       ||     2
Dodge: Dodged            |    18 |     4 ||    22
